 Dungeon Sprint DCSS version 0.27.1-34-g3ba077fa99 (webtiles) character file.

Game seed: 7440225593631678979

626 boopmooplesden the Protected (level 7, -10/72 HPs)
             Began as a Minotaur Fighter on Jan 8, 2022.
             Was an Initiate of Okawaru.
             Mangled by Sonja (25 damage)
             ... in the Dungeon (Sprint I: "Red Sonja").
             The game lasted 00:01:39 (888 turns).

boopmooplesden the Protected (Minotaur Fighter)      Turns: 888, Time: 00:01:39

Health: -10/72     AC:  9    Str: 21    XL:     7   Next: 23%
Magic:  6/6        EV:  9    Int:  5    God:    Okawaru [......]
Gold:   309        SH: 12    Dex: 11    Spells: 6/6 levels left

rFire    . . .     SeeInvis .   l - +0 club (spect)
rCold    . . .     Faith    .   c - +0 kite shield
rNeg     . . .     Spirit   .   b - +0 scale mail
rPois    .         Reflect  .   (helmet restricted)
rElec    .         Harm     .   (no cloak)
rCorr    .         Rampage  .   (no gloves)
Will     .....     NoTele   +   (no boots)
Stlth    ..........             (no amulet)
HPRegen  0.22/turn              (no ring)
MPRegen  0.10/turn              (no ring)

@: on berserk cooldown, slowed, very slow
A: horns 2, retaliatory headbutt
a: Renounce Religion


You were in the Dungeon.
You worshipped Okawaru.
Okawaru was noncommittal.
You visited 1 branch You collected 309 gold pieces.

Inventory:

Hand Weapons
 a - a +0 long sword
 l - a +0 spectral club (weapon)
Armour
 b - a +0 scale mail (worn)
 c - a +0 kite shield (worn)
Wands
 k - a wand of polymorph (7)
Scrolls
 j - a scroll of blinking
Potions
 d - a potion of might
 e - a potion of curing
 g - a potion of haste
 h - 2 potions of magic


   Skills:
 + Level 10.2 Fighting
 + Level 7.4 Long Blades
 + Level 3.6 Maces & Flails
 + Level 11.0 Armour
 + Level 1.6 Dodging
 + Level 9.8 Shields


You had 6 spell levels left.
You didn't know any spells.
Your spell library was empty.

Dungeon Overview and Level Annotations

Branches:
Dungeon (1/1)

Altars:
Cheibriados
Dithmenos
Elyvilon
Fedhas
Gozag
Hepliaklqana
Kikubaaqudgha
Makhleb
Nemelex Xobeh
Okawaru
Qazlal
Ru
Sif Muna
Trog
Uskayaw
Vehumet
Wu Jian
Xom
Yredelemnul
Zin
The Shining One
Jiyva
Lugonu

Shops:
D *

Annotations:
D Sonja


Innate Abilities, Weirdness & Mutations

You have a pair of horns on your head.
You reflexively headbutt those who attack you in melee.


Message History

Okay, then.
You open the door.
Sonja, the Graceful Assassin comes into view.
She is wielding a +1 dagger of distortion, quivering curare-tipped darts and carrying a wand of flame (24).
Sonja shouts!
Sonja gestures wildly while chanting.
Sonja blinks!
Found 54 gold pieces.
A red film seems to cover your vision as you go berserk!
You feel yourself moving faster!
You feel mighty! You block Sonja's attack. x3
You hit Sonja.
Sonja is moderately wounded.
Your +0 spectral club completely misses Sonja.
Sonja mumbles some strange words.
Sonja blinks!
Found 54 gold pieces.
Sonja throws a curare-tipped dart.
You block the curare-tipped dart.
You feel a strong urge to attack something.
Sonja zaps a wand.
The puff of flame hits you but does no damage.
You feel your anger nearly subside.
You are no longer berserk.
You are exhausted.
You feel yourself slow down.
Sonja hits you with a +1 dagger of distortion.
Space bends around you. Sonja completely misses you. x2
You barely miss Sonja.
Sonja is moderately wounded.
You block Sonja's attack. Sonja hits you but does no damage.
Space warps horribly around you!
Sonja hits you with a +1 dagger of distortion.
Space bends around you. You block Sonja's attack.
Sonja hits you with a +1 dagger of distortion.
Space bends around you. Sonja hits you but does no damage.
Space warps horribly around you!!
* * * LOW HITPOINT WARNING * * *
Sonja hits you with a +1 dagger of distortion.
* * * LOW HITPOINT WARNING * * *
Sonja hits you with a +1 dagger of distortion.
* * * LOW HITPOINT WARNING * * *
Space warps horribly around you!!
You die...

###################
#<.#..)..#.)'..#__#
#..'[.#..'..#..'..+
#..#####'#####'#__#
#..####..#...#K####
#..#__####..##@#≈§§.c#
#..#_____##'#_.+≈§§§
#⌠⌠#_.∩...†..._#§§≈§c#
####_..__##_.#'# + #
#_____###'#)# #######
#.### $.$ $.$# ##.##


You could see Sonja.

Vanquished Creatures
  A slime creature (D)
  Sigmund (D)
  A yak (D)
  An ogre (D)
  A jelly (D)
  Ijyb (D)
6 creatures vanquished.

Vanquished Creatures (others)
  2 hornets (D)
2 creatures vanquished.

Grand Total: 8 creatures vanquished

Notes
Turn   | Place    | Note
-------+----------+-------------------------------------------
     0 | D        | boopmooplesden the Minotaur Fighter began the quest for the
                  | Orb.
     0 | D        | Reached XP level 1. HP: 19/19 MP: 0/0
     1 | D        | Noticed Ijyb
     8 | D        | Killed Ijyb
     9 | D        | Reached skill level 5 in Fighting
     9 | D        | Reached skill level 5 in Armour
     9 | D        | Reached skill level 5 in Shields
     9 | D        | Reached XP level 2. HP: 10/29 MP: 1/1
   220 | D        | Noticed an ogre
   227 | D        | Killed an ogre
   228 | D        | Reached skill level 7 in Armour
   228 | D        | Reached XP level 3. HP: 17/38 MP: 2/2
   228 | D        | Reached XP level 4. HP: 20/45 MP: 3/3
   393 | D        | Noticed Sigmund
   412 | D        | Killed Sigmund
   413 | D        | Reached skill level 1 in Maces & Flails
   413 | D        | Reached skill level 9 in Armour
   413 | D        | Reached skill level 1 in Dodging
   413 | D        | Reached XP level 5. HP: 28/56 MP: 4/4
   413 | D        | Reached XP level 6. HP: 31/62 MP: 5/5
   424 | D        | Found a burning altar of Makhleb.
   424 | D        | Found a viscous altar of Jiyva.
   424 | D        | Found a shimmering altar of Xom.
   424 | D        | Found a corrupted altar of Lugonu.
   424 | D        | Noticed a slime creature
   433 | D        | Killed a slime creature
   434 | D        | Reached skill level 10 in Armour
   577 | D        | Killed a hornet
   578 | D        | Killed a hornet
   700 | D        | Found an ornate altar of the Wu Jian Council.
   700 | D        | Found a shimmering blue altar of Sif Muna.
   702 | D        | Found a radiant altar of Vehumet.
   707 | D        | Noticed a centaur warrior
   707 | D        | Noticed a centaur warrior
   741 | D        | Found Kixkoyrgh's Assorted Antiques.
   741 | D        | Found an ancient bone altar of Kikubaaqudgha.
   741 | D        | Found a hazy altar of Hepliaklqana.
   741 | D        | Found a stormy altar of Qazlal.
   741 | D        | Found a hide-covered altar of Uskayaw.
   741 | D        | Found a blossoming altar of Fedhas.
   741 | D        | Found a bloodstained altar of Trog.
   741 | D        | Found an iron altar of Okawaru.
   741 | D        | Found a basalt altar of Yredelemnul.
   741 | D        | Found a glowing golden altar of the Shining One.
   741 | D        | Found a snail-covered altar of Cheibriados.
   741 | D        | Found a sacrificial altar of Ru.
   741 | D        | Found a glowing silver altar of Zin.
   741 | D        | Found a shadowy altar of Dithmenos.
   741 | D        | Found a white marble altar of Elyvilon.
   741 | D        | Noticed a yak
   749 | D        | Found an opulent altar of Gozag.
   750 | D        | Found a sparkling altar of Nemelex Xobeh.
   753 | D        | Killed a yak
   754 | D        | Reached skill level 10 in Fighting
   754 | D        | Reached skill level 11 in Armour
   754 | D        | Reached XP level 7. HP: 44/72 MP: 6/6
   762 | D        | Became a worshipper of Warmaster Okawaru
   881 | D        | Noticed Sonja
   888 | D        | Mangled by Sonja

Illustrated notes

Levels and vault maps discovered:
D:        dungeon_sprint_1 [red_sonja_temple_1, red_sonja_temple_small_1]

Skill      XL: |  1  2  3  4  5  6 |
---------------+-------------------+-----
Fighting       | 5 6 8 10 | 10.2
Long Blades    | 3 4 6 7 |  7.4
Armour         | 5 7 9 11 | 11.0
Shields        | 5 6 8 9 |  9.8
Maces & Flails | 1 3 |  3.6
Dodging        | 1 |  1.6

Action                   |  1- 3 |  4- 6 |  7- 9 || total
-------------------------+-------+-------+-------++-------
Melee: Long sword        |     6 |       |       ||     6
       Club              |     5 |    29 |     2 ||    36
       Headbutt          |       |    10 |       ||    10
  Use: Potion            |     1 |       |     1 ||     2
Armor: Scale mail        |     1 |     5 |     3 ||     9
Dodge: Dodged            |     2 |     8 |     2 ||    12
Block: Kite shield       |     2 |    13 |     6 ||    21
